 Dungeon Crawl Stone Soup version 0.23.2-40-g277498a001 (webtiles) character file.

Game seed: 2432424556838012860

123 Flortec the Vandal (level 4, -1/36 HPs)
             Began as a Centaur Arcane Marksman on Oct 9, 2019.
             Killed by divine providence
             ... invoked by an orc priest
              (12 damage)
             ... on level 3 of the Dungeon.
             The game lasted 00:10:32 (2993 turns).

Flortec the Vandal (Centaur Arcane Marksman)        Turns: 2993, Time: 00:10:33

Health: -1/36      AC:  6    Str: 13    XL:     4   Next: 80%
Magic:  5/5        EV:  9    Int: 12    God:
Gold:   132        SH:  0    Dex: 10    Spells: 4/5 levels left

rFire    . . .     SeeInvis .   a - +0 hunting sling
rCold    . . .     Gourm    .   (no shield)
rNeg     . . .     Faith    .   c - +2 leather armour
rPois    .         Spirit   .   (no helmet)
rElec    .         Reflect  .   (no cloak)
rCorr    .         Harm     .   (no gloves)
MR       .....                  (no barding)
Stlth    ..........             (no amulet)
HPRegen  0.12/turn              (no ring)
MPRegen  0.09/turn              (no ring)

@: lightly drained, very quick
A: large, hooves 3, deformed body, speed 2, tough skin 3
a: no special abilities


You were on level 3 of the Dungeon.
You were hungry.

You visited 1 branch of the dungeon, and saw 3 of its levels.

You collected 132 gold pieces.

Inventory:

Hand Weapons
 a - a +0 hunting sling (weapon)
 i - a cursed -1 mace
Missiles
 b - 60 stones (quivered)
 d - 3 sling bullets
 n - 20 poisoned needles
Armour
 c - a +2 leather armour (worn)
 e - a +0 robe
Wands
 m - a wand of flame (24)
Scrolls
 j - a scroll of noise
Potions
 g - a potion of heal wounds {unknown}
 h - 2 potions of curing {unknown}
 k - a potion of might {unknown}
 l - 2 potions of brilliance {unknown}
 o - a potion of flight {unknown}
Comestibles
 f - 8 rations


   Skills:
 + Level 1.8(1.6) Fighting
 + Level 4.7(4.5) Slings
 + Level 0.4(0.2) Armour
 + Level 1.5(1.3) Dodging
 + Level 1.1(0.9) Spellcasting
 + Level 2.9(2.7) Hexes


You had 4 spell levels left.
You knew the following spells:

 Your Spells              Type           Power        Failure   Level  Hunger
a - Corona                Hex            #......      12%         1    ##.....

Your spell library contained the following spells:

 Spells                   Type           Power        Failure   Level  Hunger
 Slow                     Hex            #.......     19%         2    ###....
 Inner Flame              Hex/Fire       #.......     54%         3    ####...
 Portal Projectile        Hex/Tloc       #.....       54%         3    ####...
 Cause Fear               Hex            #.........   77%         4    #####..
 Leda's Liquefaction      Hex/Erth       #.........   91%         4    #####..


Dungeon Overview and Level Annotations

Branches:
Dungeon (3/15)

Altars:
Zin

Shops:
D:3 *

Annotations:
D:3 Grinder


Innate Abilities, Weirdness & Mutations

You have hooves in place of feet.
Armour fits poorly on your strangely shaped body.
You cover ground very quickly.
You have extremely tough skin. (AC +3)


Message History

The orc priest invokes the aid of Beogh against you.
Beogh smites you!
There is an entrance to Zin's Purification Station here.
Grinder blinks!
The orc priest mumbles some strange prayers to Beogh against you.
You barely resist. Grinder gestures at you.
You suddenly lose the ability to move!
Grinder says, "Are you a fish?"
Grinder blinks!
The orc priest hits you. Grinder gestures at you.
You shrug off the repeated paralysis!
The orc priest calls down the wrath of Beogh upon you.
You barely resist.
You can move again.
Grinder hits you.
You writhe in agony.
The orc priest mumbles some strange prayers to Beogh against you.
Beogh smites you!
You die...

##########...#.(## ..#
#..........#..((.##### ..#
#.#####...###.....##.. .#
........#.#⌠_..∩..##.# .#
..........###.....##.#
#######
#.##.##.#..#....o###.###.....
#....##.##...#.5...........
#.......###.##.#.###.###.###
#.......# #.##).@###.......#
# .....####
#..........###.#.#.# ######
###.##.##..# #.#.#.#
#.#.......##.....#
#.#.......####.####
#.#..#....#.......#
#.........#.......#
###.......#.......#
#.......#.......#


You could see Grinder and an orc priest.

Vanquished Creatures
  Jessica (D:2)
  An iguana (D:2)
  An adder (D:2)
  3 oozes
  An adder skeleton (D:3)
  A dart slug (D:2)
  3 orcs (D:3)
  A ball python (D:2)
  2 bats
  A bat skeleton (D:2)
  A giant cockroach (D:2)
  3 goblins (D:2)
  5 hobgoblins
  3 jackals (D:1)
  A quokka (D:3)
  3 frilled lizards
  6 kobolds
  5 rats
42 creatures vanquished.

Notes
Turn   | Place    | Note
-------+----------+-------------------------------------------
     0 | D:1      | Flortec the Centaur Arcane Marksman began the quest for the
                  | Orb.
     0 | D:1      | Reached XP level 1. HP: 16/16 MP: 2/2
   422 | D:1      | Reached XP level 2. HP: 23/23 MP: 3/3
  1083 | D:2      | Reached skill level 3 in Slings
  1452 | D:2      | Reached XP level 3. HP: 28/28 MP: 4/4
  1678 | D:2      | Reached skill level 4 in Slings
  1678 | D:2      | Reached XP level 4. HP: 4/35 MP: 5/5
  2140 | D:2      | Noticed Jessica
  2145 | D:2      | Killed Jessica
  2740 | D:3      | Found Zin's Purification Station.
  2740 | D:3      | Found a glowing silver altar of Zin.
  2949 | D:3      | Noticed Grinder
  2986 | D:3      | Paralysed by Grinder for 5 turns
  2993 | D:3      | Killed from afar by an orc priest

Skill      XL: |  1  2  3 |
---------------+----------+-----
Slings         | 3 4 |  4.7
Fighting       | |  1.8
Armour         | |  0.4
Dodging        | |  1.5
Spellcasting   | |  1.1
Hexes          | |  2.9

Action                   |  1- 3 |  4- 6 || total
-------------------------+-------+-------++-------
 Fire: Hunting sling     |   136 |    49 ||   185
 Cast: Corona            |     1 |       ||     1
  Use: Scroll            |     6 |       ||     6
  Eat: Ration            |     1 |       ||     1
Armor: Robe              |     3 |       ||     3
       Leather armour    |    48 |     7 ||    55
Dodge: Dodged            |    58 |    19 ||    77
